Map: Echo LE (Void)

Players

Namshar

  • Race: Zerg Zerg
  • League: Master
  • Spawn Location: 5:00

Scarlett - Winner!

  • Race: Zerg Zerg
  • Spawn Location: 11:00

Event: NationWars IV

VOD

Have the link to the VOD?

Description

Time

  • Played on: Jan. 4, 2017, 2:16 p.m.
  • Length: 12:08
Show
View Real Time Build Order
Export as new Build Order

Namshar Zerg 

Build Orders: Pool First 

Get SALT Encoding   

  12  0:01  Drone  
  13  0:12  Overlord  
  13  0:17  Drone  
  14  0:31  Drone x2  
  14  0:35  Drone  
  17  0:45  Spawning Pool  
  17  0:47  Drone  
  17  1:08  Hatchery  
  17  1:10  Drone  
  17  1:13  Extractor  
  17  1:16  Drone  
  17  1:19  Drone  
  18  1:31  Queen  
  18  1:32  Zergling x2  
  21  1:39  Overlord  
  21  1:46  Spine Crawler  
  20  1:50  Zergling x2  
  21  2:01  Zergling x2  
  22  2:11  Queen  
  24  2:29  Zergling x6  
  29  2:47  Queen  
  30  2:58  Spine Crawler  
  30  3:17  Hatchery  
  26  3:33  Queen  
  26  3:34  Overlord  
  27  3:41  Drone x2  
  27  3:42  Roach Warren  
  28  3:50  Drone  
  29  3:58  Overlord  
  29  4:09  Queen  
  30  4:43  Roach x6  
  42  4:54  Hatchery  
  42  5:01  Drone  
  42  5:07  Overlord  
  42  5:12  Hatchery  
  41  5:20  Drone x3  
  44  5:28  Drone  
  45  5:47  Drone  
  45  5:48  Lair, Evolution Chamber  
  45  5:58  Drone x4  
  49  6:16  Overlord x2  
  49  6:17  Zerg Missile Weapons Level 1  
  49  6:25  Overlord  
  49  6:35  Drone  
  49  6:36  Drone x3  
  53  6:41  Overlord  
  53  6:45  Drone  
  54  6:49  Drone  
  55  6:54  Glial Reconstitution  
  55  6:56  Drone  
  56  7:03  Extractor, Drone x3  
  58  7:12  Roach  
  58  7:13  Roach x2  
  64  7:18  Overlord  
  64  7:23  Roach  
  64  7:24  Roach  
  68  7:32  Roach x2  
  68  7:34  Roach  
  74  7:43  Overlord  
  74  7:47  Roach  
  74  7:48  Roach x2  
  80  7:56  Roach  
  80  7:57  Roach  
  84  8:02  Roach  
  86  8:06  Roach  
  86  8:07  Overlord  
  84  8:16  Drone  
  84  8:17  Drone x4  
  87  8:25  Drone x2  
  87  8:26  Drone x2  
  73  8:41  Drone  
  73  8:42  Drone x2  
  73  8:46  Zerg Missile Weapons Level 2  
  73  8:47  Extractor  
  75  8:57  Hatchery  
  74  9:04  Drone  
  74  9:06  Extractor  
  74  9:08  Drone x2  
  74  9:09  Drone x2  
  78  9:10  Evolution Chamber  
  78  9:16  Roach x6  
  89  9:23  Overlord  
  89  9:30  Drone x2  
  89  9:31  Drone  
  92  9:33  Drone  
  92  9:38  Roach  
  95  9:43  Ravager x2  
  95  9:45  Zerg Ground Armor Level 1  
  97  9:49  Overlord x2, Drone  
  98  9:55  Overlord  
  98  9:58  Ravager  
  98  9:59  Ravager  
  100  10:11  Roach x6  
  112  10:17  Overlord  
  112  10:19  Roach  
  112  10:20  Roach x2  
  118  10:22  Roach  
  120  10:28  Overlord x2  
  120  10:31  Drone x2  
  120  10:34  Roach  
  120  10:35  Roach  
  126  10:39  Roach  
  126  10:42  Overlord  
  128  10:43  Overlord  
  128  10:47  Roach x2  
  132  10:53  Overlord  
  132  10:54  Roach x2  
  132  10:55  Roach  
  138  11:03  Roach x4  
  146  11:05  Roach  
  148  11:18  Roach  
  148  11:19  Roach x6  
  125  11:41  Roach x8  
  125  11:42  Roach x2  
  125  11:48  Roach x2  
Show
View Real Time Build Order
Export as new Build Order

Scarlett Zerg - Winner!

Build Orders: Pool First, Zergling Baneling 

Get SALT Encoding   

  12  0:18  Spawning Pool  
  11  0:21  Drone  
  11  0:25  Drone  
  13  0:29  Extractor  
  13  0:34  Drone  
  13  0:42  Overlord  
  13  1:04  Zergling x4  
  13  1:05  Zergling x2  
  13  1:11  Queen  
  18  1:16  Zergling x2  
  19  1:28  Metabolic Boost  
  19  1:31  Zergling x2  
  20  1:38  Zergling x2  
  21  1:53  Baneling Nest  
  20  1:58  Zergling x2  
  21  2:02  Overlord  
  20  2:20  Zergling x2  
  20  2:22  Zergling x6  
  24  2:26  Zergling x2  
  25  2:38  Baneling x4  
  25  2:43  Zergling x2  
  26  2:50  Baneling  
  26  2:52  Zergling x2  
  26  2:58  Zergling x2  
  28  3:01  Baneling  
  25  3:14  Drone x3  
  28  3:30  Drone  
  28  3:31  Drone  
  28  3:33  Baneling x2  
  29  3:38  Overlord  
  29  3:56  Drone x3  
  32  4:13  Hatchery  
  31  4:17  Drone  
  31  4:20  Drone  
  33  4:27  Overlord  
  33  4:29  Drone  
  34  4:33  Drone  
  34  4:36  Drone  
  36  4:42  Overlord  
  36  4:47  Drone  
  37  4:54  Queen  
  37  5:02  Drone  
  38  5:08  Drone x3  
  40  5:20  Zergling x2  
  41  5:24  Queen  
  41  5:25  Zergling x2  
  44  5:30  Zergling x2  
  45  5:39  Zergling x8  
  45  5:42  Baneling x2  
  49  5:47  Drone x2  
  51  6:01  Overlord, Drone  
  52  6:06  Drone  
  52  6:07  Drone x2  
  55  6:13  Roach Warren  
  55  6:14  Overlord x2  
  54  6:19  Overlord, Spine Crawler x2  
  52  6:34  Drone x2  
  52  6:36  Extractor  
  52  6:37  Drone x2  
  52  6:38  Zergling x2  
  52  6:39  Zergling x2  
  57  6:44  Lair  
  58  6:47  Drone x4  
  58  6:48  Drone  
  58  6:49  Evolution Chamber  
  58  6:53  Drone  
  63  6:56  Extractor  
  63  6:58  Extractor  
  63  7:00  Drone  
  62  7:03  Drone  
  62  7:17  Drone x3  
  62  7:18  Drone  
  62  7:19  Zerg Missile Weapons Level 1, Overlord  
  62  7:20  Roach x2  
  70  7:27  Roach  
  72  7:34  Hatchery  
  72  7:36  Roach  
  72  7:37  Roach x2  
  77  7:39  Roach  
  78  7:46  Glial Reconstitution  
  78  7:48  Roach x2  
  81  7:53  Roach x2  
  85  7:59  Roach x2  
  85  8:01  Overlord  
  85  8:03  Roach  
  91  8:11  Overlord  
  90  8:16  Ravager x3  
  80  8:36  Roach  
  80  8:37  Roach x8  
  95  8:46  Roach x2  
  100  8:48  Roach  
  100  8:53  Ravager  
  101  8:56  Overseer  
  101  8:57  Overlord x2  
  101  9:01  Roach  
  103  9:12  Drone x3  
  103  9:16  Zerg Missile Weapons Level 2  
  106  9:17  Drone  
  106  9:19  Roach  
  106  9:20  Roach  
  106  9:23  Roach  
  106  9:24  Roach x5  
  123  9:32  Roach x2  
  123  9:37  Overlord  
  127  9:43  Roach  
  129  9:46  Overlord x2  
  129  9:54  Overseer  
  129  9:56  Overlord  
  129  9:57  Overlord  
  129  10:04  Overlord  
  129  10:06  Roach x6  
  141  10:08  Ravager  
  141  10:09  Ravager x3  
  141  10:12  Overlord  
  145  10:15  Overlord  
  145  10:17  Ravager x2  
  145  10:18  Ravager  
  150  10:21  Roach x2  
  150  10:25  Roach x2  
  156  10:32  Roach x3  
  162  10:37  Roach x2  
  162  10:39  Overlord  
  162  10:42  Overlord  
  166  10:45  Roach  
  168  10:59  Roach x7  
  182  11:05  Roach x2  
  186  11:19  Roach  
  186  11:20  Roach x6  
  161  11:44  Roach x2  
  161  11:45  Roach x10  
Tags
 
Add a new tag
Caveats
  • Supply blocks, unpowered buildings, or Contaminate may cause inaccurate times.
  • Supply counts are checked every 10 seconds.